 Dungeon Crawl Stone Soup version 0.27-a0-1139-g28e009f8a6 (webtiles) character file.

Game seed: 9798300766039639677

322018 freelancePsychic the Imperceptible (level 22, -1/211 (216) HPs)
             Began as a Kobold Berserker on May 7, 2021.
             Was an Elder of Trog.
             Slain by a balrug
             ... wielding a +1 demon whip of draining
             ... summoned by Asterion
              (28 damage)
             ... on level 2 of the Vaults.
             The game lasted 04:00:19 (61403 turns).

freelancePsychic the Imperceptible (KoBe)          Turns: 61403, Time: 04:00:20

HP:   -1/211 (216)  AC: 32    Str: 21    XL:     22   Next: 50%
MP:   22/22         EV: 21    Int:  9    God:    Trog [****..]
Gold: 4341          SH: 13    Dex: 20    Spells: 21/21 levels left

rFire    x . .     SeeInvis +   a - +4 demon blade (elec)
rCold    + . .     Faith    +   P - +0 kite shield
rNeg     . . .     Spirit   .   h - +7 shadow dragon scales
rPois    +         Reflect  .   T - +1 helmet {SInv}
rElec    .         Harm     .   C - +0 cloak
rCorr    .         Rampage  .   f - +2 pair of gloves {Str+3}
Will     ++++.                  J - +1 pair of boots {Fly}
Stlth    ..........             n - amulet of faith
HPRegen  0.45/turn              j - ring of ice
MPRegen  0.18/turn              m - ring "Xafreh" {Drain Fly rPois Will+++ Slay+3}

@: berserking, lethally poisoned (-1 -> -25), flying, lightly drained, very
quick
A: small, no large weapons, nightstalker 3, wild magic 1
}: 2/15 runes: decaying, gossamer
a: Renounce Religion, Berserk, Trog's Hand, Brothers in Arms


You were on level 2 of the Vaults.
You worshipped Trog.
Trog was greatly pleased with you.
You visited 7 branches of the dungeon, and saw 36 of its levels.
You also visited: Ice Cave.

You collected 4770 gold pieces.
You spent 429 gold pieces at shops.

Inventory:

Hand Weapons
 a - a +4 demon blade of electrocution (weapon)
 b - a +4 quick blade of draining
 D - the +5 short sword of Susuedio {flame, +Rage rElec rPois Dex+2}
   (You found it on level 10 of the Dungeon)

   It has been specially enchanted to burn those struck by it, causing extra
   injury to most foes and up to half again as much damage against particularly
   susceptible opponents.
   It affects your dexterity (+2).
   It insulates you from electricity.
   It protects you from poison.
   It lets you go berserk.
 F - a +2 scimitar of flaming
Missiles
 q - 37 poisoned darts (quivered)
 H - 9 curare-tipped darts
 S - a throwing net
Armour
 f - a +2 pair of gloves of strength (worn)
 h - +7 shadow dragon scales (worn)
 C - a +0 cloak (worn)
 J - a +1 pair of boots of flying (worn)
 P - a +0 kite shield (worn)
 T - a +1 helmet of see invisible (worn)
 Z - +0 fire dragon scales
Jewellery
 j - a ring of ice (left hand)
 m - the ring "Xafreh" (right hand) {Drain Fly rPois Will+++ Slay+3}
   (You acquired it on level 2 of the Swamp)

   [ring of poison resistance]

   It affects your accuracy and damage with ranged weapons and melee attacks
   (+3).
   It protects you from poison.
   It grants you flight.
   It drains your maximum health when unequipped.
   It greatly increases your willpower.
 n - an amulet of faith (around neck)
 A - a ring of protection from fire
 B - a +6 ring of dexterity
 M - a ring of resist corrosion
 R - a ring of ice
 V - an amulet of the acrobat
Wands
 e - a wand of flame (26)
 l - a wand of iceblast (58)
 t - a wand of acid (14)
 x - a wand of polymorph (16)
 G - a wand of paralysis (17)
 I - a wand of digging (29)
 Y - a wand of charming (29)
Scrolls
 p - 2 scrolls of magic mapping
 r - a scroll of holy word
 w - a scroll of fog
 y - 17 scrolls of teleportation {@r4}
 z - 3 scrolls of vulnerability
 N - a scroll of summoning
 O - 3 scrolls of fear
 Q - a scroll of silence
 W - 28 scrolls of identify {@r1}
Potions
 c - 9 potions of might
 d - 9 potions of lignification
 g - 4 potions of magic
 i - a potion of invisibility
 k - 6 potions of resistance
 o - 4 potions of ambrosia
 s - 7 potions of curing {@q1}
 u - 10 potions of mutation
 v - 8 potions of attraction
 U - a potion of haste {@q3}
 X - 3 potions of cancellation
Miscellaneous
 E - a box of beasts
 K - a condenser vane
 L - a lightning rod (4/4)


   Skills:
 + Level 16.9 Fighting
 - Level 8.0(15.1) Short Blades
 - Level 13.6(14.0) Long Blades
 - Level 11.0 Armour
 - Level 19.6 Dodging
 - Level 22.5 Stealth
 - Level 8.8 Shields
 + Level 15.9 Evocations


You had 21 spell levels left.
You didn't know any spells.
Your spell library was empty.

Dungeon Overview and Level Annotations

Branches:
Dungeon (15/15)            Temple (0/1) D:6            Lair (6/6) D:11
  Swamp (4/4) Lair:3       Spider (4/4) Lair:3        Slime (0/5) Lair:5
    Orc (2/2) D:11            Elf (3/3) Orc:2        Vaults (2/5) D:14
 Depths (0/5) D:15          IceCv (visited)
  Crypt: Vaults:2-3

Altars:
Dithmenos
Elyvilon
Hepliaklqana
Makhleb
Vehumet
Xom
Beogh
Jiyva

Shops:
D:1 (   Orc:2 **((   Elf:2 [=:!(   Vaults:1 ((   Vaults:2 (

Portals:
Hell: Lair:6
Trove: Elf:2 (give +3 gold dragon scales)

Annotations:
D:5 exclusion: statue
D:8 2 transporters, Orlauf's ghost, novice DsGl
D:9 2 transporters, SkiChan's ghost, novice GrBe
D:10 Boulder beetle exclusion
Lair:4 exclusion: oklob plant
Elf:1 2 transporters, Pinoaq's ghost, adept GrEE
Vaults:2 Asterion


Innate Abilities, Weirdness & Mutations

You are small and have problems with some larger weapons.
You are completely attuned to the shadows.
Your spells are a little harder to cast, but a little more powerful.


Message History

Asterion bellows, "My home has fourteen doors!"
You block Asterion's attack. x2
The tengu reaver hits you but does no damage.
The tengu reaver pecks you but does no damage.
The tengu reaver claws you but does no damage.
Your two-headed ogre goes berserk!
Your skin stops crawling.
You feel less strong-willed.
Asterion hits you with a +1 demon trident of electrocution!
You are electrocuted!
Asterion gores you.
The balrug hits you with a +1 demon whip of draining!
You are engulfed in flames!!
The fire burns you terribly!
You feel drained. The phantasmal warrior hits you!!
* * * LOW HITPOINT WARNING * * *
Your ogre hits the phantasmal warrior with a +0 giant spiked club!!!
The tengu reaver hits you but does no damage.
The tengu reaver hits your two-headed ogre with a +0 war axe!
The tengu reaver pecks you but does no damage.
The tengu reaver claws you but does no damage.
Asterion barely misses you. Asterion closely misses you.
The balrug completely misses you.
You riposte.
You slash the balrug!
The balrug is lightly wounded.
A red film seems to cover your vision as you go berserk!
You feel yourself moving faster!
You feel mighty!
Asterion hits you with a +1 demon trident of electrocution!
* * * LOW HITPOINT WARNING * * *
Asterion gores you but does no damage.
Your ogre hits the phantasmal warrior but does no damage.
The phantasmal warrior hits your ogre!!
The tengu reaver gestures at you while chanting.
The bolt of poison hits you!
You are poisoned.
You resist.
* * * LOW HITPOINT WARNING * * *
The bolt of poison hits the phantasmal warrior.
The phantasmal warrior completely resists.
Asterion blocks your two-headed ogre's attack. x2
The balrug hits you with a +1 demon whip of draining.
* * * LOW HITPOINT WARNING * * *
You are engulfed in flames!!
The fire burns you terribly!
You die...

.###...##
#..........# ..#...##
#..........# ..#..##
############
'################
.....................
.....................
.....................
.(............OW2....
.............)..@HO..
...## ###########Q###
...# ... ...# #...
...# ##. ...# # ...#
# ...# # ...# ##### #


You could see Asterion (fast, ally target), a tengu reaver, a balrug (summoned),
a phantasmal warrior (ally target), a friendly two-headed ogre (summoned,
berserk) and a friendly ogre (summoned, berserk).

Vanquished Creatures
  Rupert (D:12)
  Jorgrun (Orc:2)
  A thorn hunter (Swamp:4)
  A frost giant (IceCv)
  An iron dragon (Elf:1)
  6 ghost moths
  Louise (D:15)
  4 vault wardens
  9 emperor scorpions
  2 ghouls (D:14)
  2 very ugly things (Vaults:2)
  4 ironbound preservers
  3 deep elf demonologists
  5 entropy weavers
  A dire elephant (D:15)
  7 spark wasps
  7 bunyips
  Snorg (Lair:5)
  5 eleionomae
  A shambling mangrove (Swamp:4)
  An eidolon (Vaults:2)
  2 fire dragons
  2 deep elf high priests
  2 great orbs of eyes (Vaults:1)
  An ironbound thunderhulk (Vaults:2)
  2 ghost crabs
  8 vault guards
  4 ogre magi (Orc:2)
  34 hydras
  5 boulder beetles
  14 centaur warriors
  A catoblepas (D:10)
  30 dancing weapons
  4 ironbound frosthearts
  19 two-headed ogres
  11 alligators
  A tengu warrior (D:14)
  A spriggan berserker (Swamp:4)
  14 spriggans
  18 deep elf knights
  A sixfirhy (Lair:6)
  5 goliath frogs
  4 skeletal warriors (D:14)
  3 spriggan druids
  A death drake (Swamp:4)
  18 deep trolls
  2 bog bodies
  3 wizards
  7 ironbound convokers
  A lindwurm (Lair:6)
  A phantasmal warrior (Vaults:2)
  13 deep elf archers
  2 orc knights
  9 swamp dragons
  24 deep elf pyromancers
  A necromancer (D:14)
  2 wolf spider zombies (D:14)
  20 deep elf zephyrmancers
  3 manticores
  4 oklob plants (Lair:1)
  22 wolf spiders
  A shining eye (shapeshifter) (Vaults:2)
  An orc sorcerer (Orc:2)
  10 cyclopes
  16 orb spiders
  A salamander (D:15)
  9 ugly things
  A faun (shapeshifter) (D:10)
  7 moths of wrath
  5 elephants
  2 ice statues (IceCv)
  A will-o-the-wisp (Swamp:2)
  7 black mambas
  5 vault sentinels
  An orange demon (Lair:6)
  A smoke demon (Lair:6)
  A torpor snail (Lair:2)
  17 cane toads
  A gargoyle (D:12)
  2 ice devils (Lair:6)
  5 rime drakes
  12 yaktaurs
  A kobold demonologist (D:13)
  A redback zombie (D:14)
  3 efreet
  7 komodo dragons
  A tengu conjurer (D:14)
  20 demonic crawlers
  A freezing wraith (D:15)
  2 red devils (Lair:6)
  35 jumping spiders
  5 trolls
  Grinder (D:6)
  20 polar bears
  21 hornets
  A wolf spider simulacrum (D:14)
  14 tyrant leeches
  15 slime creatures
  Prince Ribbit (D:7)
  4 dream sheep (Lair:6)
  20 blink frogs
  A meliai zombie (D:14)
  3 air elementals
  59 redbacks
  3 wraiths
  3 shadows (D:9)
  11 wyverns
  56 yaks
  30 tarantellas
  3 fire elementals (Elf:1)
  The ghost of Contigo the Cudgeller, an amateur DsBe of Trog (D:4)
  A golden eye (shapeshifter) (D:15)
  2 steam dragons (D:9)
  5 basilisks
  20 vampire mosquitoes
  Menkaure (D:4)
  A warg (Orc:2)
  Edmund (D:6)
  2 acid dragons
  4 hell hounds
  A naga (shapeshifter) (D:15)
  22 swamp worms
  7 water moccasins
  24 orc warriors
  A hornet zombie (D:14)
  An ice beast (shapeshifter) (D:15)
  8 swamp drakes
  3 black bears
  3 sky beasts
  30 ogres
  10 centaurs
  19 wolves
  3 kobold brigands
  Blork the orc (D:5)
  11 bullfrogs
  3 gnoll sergeants
  A wyvern zombie (D:9)
  11 scorpions
  2 water moccasin skeletons (D:5)
  2 killer bees
  5 howler monkeys
  A wight (D:10)
  7 electric eels
  9 centaur zombies
  A bullfrog zombie (D:5)
  4 quasits (D:4)
  2 jellies (D:4)
  10 orc priests
  Crazy Yiuf (D:2)
  2 hounds
  2 centaur skeletons
  Natasha (twice) (D:3 D:2)
  2 iguanas
  22 orc wizards
  9 hell rats (D:15)
  A mummy (D:14)
  A howler monkey zombie (D:10)
  19 gnolls
  13 adders
  An ufetubus (D:5)
  An adder skeleton (D:4)
  5 worms
  A dart slug (D:5)
  93 orcs
  A ball python (D:4)
  6 endoplasms
  5 giant cockroaches
  3 goblins
  5 hobgoblins
  4 jackals (D:3)
  5 quokkas
  3 bats
  3 frilled lizards
  12 kobolds
  10 rats
1303 creatures vanquished.

Vanquished Creatures (collateral kills)
  Mara (Spider:3)
  Nikola (Swamp:4)
  Arachne (Spider:3)
  A storm dragon (Elf:1)
  A vault warden (Vaults:2)
  2 ironbound preservers (Vaults:1)
  2 very ugly things (Vaults:1)
  A spark wasp (Spider:1)
  A deep elf annihilator (Elf:3)
  A yaktaur captain (Vaults:2)
  5 vault guards
  An ice dragon (Elf:1)
  A boulder beetle (Vaults:1)
  5 hydras
  A two-headed ogre (Orc:2)
  A spriggan berserker (Swamp:4)
  2 deep elf knights
  2 swamp dragons (Swamp:4)
  A wizard (Vaults:2)
  An orc knight (Orc:2)
  2 ironbound convokers
  5 deep elf zephyrmancers
  2 wolf spiders
  An orc sorcerer (Elf:1)
  3 orb spiders
  3 ugly things (Vaults:1)
  6 elephants
  A vault sentinel (Vaults:2)
  A cane toad (Lair:1)
  A komodo dragon (Lair:6)
  5 yaktaurs
  A red devil (Lair:6)
  3 blink frogs (Lair:1)
  3 redbacks
  6 yaks
  A hell hound (Lair:6)
  3 orc warriors
  2 ogres (Orc:2)
  An earth elemental (Elf:1)
  2 adders (Lair:1)
  7 orcs
91 creatures vanquished.

Vanquished Creatures (others)
  A thorn hunter (Swamp:4)
  2 deep elf zephyrmancers
  2 bloated husks (Swamp:1)
  A tyrant leech (Spider:2)
  A jumping spider (Spider:2)
  2 redbacks (Spider:2)
  3 electric eels
  A centaur zombie (D:8)
  An orc priest (Elf:1)
  63 fungi
  126 plants
203 creatures vanquished.

Grand Total: 1597 creatures vanquished

Notes
Turn   | Place    | Note
-------+----------+-------------------------------------------
     0 | D:1      | freelancePsychic the Kobold Berserker began the quest for
                  | the Orb.
     0 | D:1      | Reached XP level 1. HP: 14/14 MP: 1/1
   112 | D:1      | Found a faded altar of an unknown god.
   240 | D:1      | Found Wieroh's Antique Weapon Emporium.
   264 | D:1      | Reached skill level 1 in Stealth
   274 | D:1      | Reached XP level 2. HP: 19/19 MP: 2/2
  1348 | D:2      | Reached XP level 3. HP: 24/24 MP: 3/3
  1573 | D:2      | Reached skill level 2 in Stealth
  1647 | D:2      | Upgraded the game from 0.27-a0-1137-g3ef0f4ec91 to
                  | 0.27-a0-1139-g28e009f8a6
  2008 | D:2      | Found a runed translucent door.
  2011 | D:2      | Noticed Crazy Yiuf
  2346 | D:3      | Noticed Natasha
  2364 | D:3      | Killed Natasha
  2365 | D:3      | Reached skill level 5 in Short Blades
  2365 | D:3      | Reached skill level 3 in Stealth
  2365 | D:3      | Reached XP level 4. HP: 29/29 MP: 4/4
  2482 | D:3      | Reached XP level 5. HP: 33/33 MP: 5/5
  2583 | D:3      | Reached ** piety under Trog
  2891 | D:3      | Noticed Natasha
  2921 | D:2      | Killed Natasha
  2922 | D:2      | Reached skill level 4 in Stealth
  3310 | D:4      | Reached XP level 6. HP: 39/39 MP: 6/6
  3316 | D:4      | Found a transporter.
  3469 | D:4      | Reached skill level 5 in Stealth
  3742 | D:4      | Noticed a black bear
  3765 | D:4      | Killed a black bear
  3766 | D:4      | Reached XP level 7. HP: 44/44 MP: 7/7
  3830 | D:4      | Noticed Menkaure
  3832 | D:4      | Killed Menkaure
  3833 | D:4      | Reached skill level 6 in Stealth
  4137 | D:4      | Reached skill level 1 in Shields
  4156 | D:4      | Found a burning altar of Makhleb.
  4183 | D:4      | Found a transporter.
  4187 | D:4      | Noticed Contigo's ghost (amateur DsBe)
  4457 | D:4      | Reached skill level 7 in Stealth
  4457 | D:4      | Reached XP level 8. HP: 48/48 MP: 8/8
  4705 | D:5      | Entered Level 5 of the Dungeon
  4956 | D:5      | Reached skill level 8 in Stealth
  5120 | D:5      | Noticed Blork the orc
  5128 | D:5      | Killed Blork the orc
  5128 | D:5      | Reached *** piety under Trog
  5252 | D:5      | Reached skill level 5 in Dodging
  5539 | D:5      | Found a radiant altar of Vehumet.
  5805 | D:6      | Reached XP level 9. HP: 44/52 MP: 9/9
  5870 | D:6      | Found a shimmering altar of Xom.
  6137 | D:6      | Noticed Grinder
  6146 | D:6      | Killed Grinder
  6147 | D:6      | Reached skill level 9 in Stealth
  6528 | D:6      | Found a staircase to the Ecumenical Temple.
  6558 | D:6      | Noticed Edmund
  6583 | D:6      | Killed Edmund
  6584 | D:6      | Reached skill level 1 in Long Blades
  7363 | D:7      | Found a white marble altar of Elyvilon.
  7762 | D:7      | Noticed Prince Ribbit
  7765 | D:7      | Killed Prince Ribbit
  7766 | D:7      | Reached skill level 5 in Fighting
  8077 | D:8      | Noticed an efreet
  8140 | D:8      | Found a transporter.
  8143 | D:8      | Noticed Orlauf's ghost (novice DsGl)
  8368 | D:4      | Killed Contigo's ghost
  8508 | D:2      | Killed Crazy Yiuf
  8862 | D:7      | Reached XP level 10. HP: 51/59 MP: 10/10
  9072 | D:7      | Reached skill level 5 in Shields
  9072 | D:7      | Reached skill level 1 in Evocations
  9225 | D:8      | Found a transporter.
 10060 | D:9      | Found a hazy altar of Hepliaklqana.
 10116 | D:9      | Reached **** piety under Trog
 10289 | D:9      | Noticed an efreet
 10293 | D:9      | Killed an efreet
 10306 | D:9      | Noticed a centaur warrior
 10310 | D:9      | Found a transporter.
 10364 | D:9      | Found a shadowy altar of Dithmenos.
 10425 | D:9      | Noticed SkiChan's ghost (novice GrBe)
 10537 | D:9      | Reached skill level 5 in Evocations
 10605 | D:9      | Reached skill level 5 in Long Blades
 10996 | D:9      | Reached XP level 11. HP: 63/63 MP: 11/11
 11401 | D:9      | Found a transporter.
 11914 | D:10     | Entered Level 10 of the Dungeon
 12010 | D:10     | Noticed a boulder beetle
 12061 | D:10     | Noticed a two-headed ogre
 12769 | D:10     | Noticed a faun
 12785 | D:10     | Killed a faun
 12938 | D:10     | Noticed a manticore
 13160 | D:10     | Killed a manticore
 13300 | D:11     | Noticed a two-headed ogre
 13305 | D:11     | Killed a two-headed ogre
 13508 | D:11     | Reached XP level 12. HP: 68/68 MP: 12/12
 13533 | D:11     | Noticed a two-headed ogre
 13540 | D:11     | Killed a two-headed ogre
 13560 | D:11     | Found a staircase to the Lair.
 13631 | D:11     | Reached skill level 10 in Long Blades
 13812 | D:11     | Reached ***** piety under Trog
 13855 | D:11     | Found a staircase to the Orcish Mines.
 13888 | D:11     | Received a gift from Trog
 14600 | Lair:1   | Entered Level 1 of the Lair of Beasts
 15089 | Lair:1   | Noticed a six-headed hydra
 15101 | Lair:1   | Killed a five-headed hydra
 17146 | Lair:2   | Reached XP level 13. HP: 74/74 MP: 13/13
 18220 | Lair:3   | Found a hole to the Spider Nest.
 18372 | Lair:3   | You are sucked into a shaft and drop 2 floors!
 18446 | Lair:4   | You are sucked into a shaft and drop 1 floor!
 19052 | Lair:4   | Received a gift from Trog
 19925 | Lair:3   | Found a staircase to the Swamp.
 20310 | Lair:4   | Noticed an eight-headed hydra
 20317 | Lair:4   | Killed a six-headed hydra
 21410 | Lair:5   | Found a staircase to the Slime Pits.
 21411 | Lair:5   | Found a viscous altar of Jiyva.
 21508 | Lair:5   | Noticed an eight-headed hydra
 21525 | Lair:5   | Killed a six-headed hydra
 21539 | Lair:5   | Reached XP level 14. HP: 83/84 MP: 14/14
 21980 | Lair:5   | Noticed Snorg
 21985 | Lair:5   | Killed Snorg
 22602 | Lair:6   | Entered Level 6 of the Lair of Beasts
 22647 | Lair:6   | Reached skill level 10 in Dodging
 23399 | Lair:6   | Identified a scroll of acquirement
 23399 | Lair:6   | Acquired an amulet of regeneration
 23551 | Lair:6   | Identified the +7 whip of Exquisite Torment {elec, Dex+3}
 24180 | Lair:6   | Acquired a +1 helmet of see invisible
 24225 | Lair:6   | Reached skill level 5 in Armour
 24228 | Lair:6   | Found a burning altar of Makhleb.
 24296 | Lair:6   | Acquired a manual of Stealth
 24518 | Lair:6   | Reached XP level 15. HP: 43/92 MP: 15/15
 24525 | Lair:6   | Reached skill level 10 in Stealth
 24561 | Lair:6   | Found a gateway to Hell.
 25310 | D:10     | Reached skill level 11 in Stealth
 25456 | D:10     | Reached skill level 10 in Fighting
 25536 | D:10     | Identified the +5 short sword of Susuedio {flame, +Rage
                  | rElec rPois Dex+2}
 25631 | Orc:1    | Entered Level 1 of the Orcish Mines
 26149 | Orc:1    | Reached skill level 12 in Stealth
 26519 | Orc:2    | Entered Level 2 of the Orcish Mines
 26637 | Orc:2    | Paralysed by an orc sorcerer for 3 turns
 26822 | Orc:2    | Reached skill level 13 in Stealth
 26907 | Orc:2    | Reached skill level 14 in Stealth
 27134 | Orc:2    | Reached skill level 15 in Stealth
 27145 | Orc:2    | Found Kuzesoxt's General Store.
 27145 | Orc:2    | Found Jifoqatz's General Store.
 27175 | Orc:2    | Found Musiw's Weapon Boutique.
 27175 | Orc:2    | Found Zoimus's Antique Weapon Shoppe.
 27183 | Orc:2    | Bought a scroll of enchant armour for 105 gold pieces
 27183 | Orc:2    | Bought a scroll of teleportation for 42 gold pieces
 27184 | Orc:2    | Bought a scroll of teleportation for 42 gold pieces
 27682 | Orc:2    | Noticed Jorgrun
 27687 | Orc:2    | Killed Jorgrun
 27688 | Orc:2    | Reached skill level 16 in Stealth
 27747 | Orc:2    | Found a staircase to the Elven Halls.
 28310 | D:12     | Received a gift from Trog
 28390 | D:12     | Reached skill level 17 in Stealth
 28390 | D:12     | Reached XP level 16. HP: 100/100 MP: 16/16
 28543 | D:12     | You are sucked into a shaft and drop 2 floors!
 28560 | D:14     | Found a gate to the Vaults.
 28708 | D:14     | Reached skill level 18 in Stealth
 28739 | D:14     | Found a frozen archway.
 28745 | IceCv    | Entered an ice cave
 28990 | IceCv    | Noticed a frost giant
 29009 | IceCv    | Killed a frost giant
 29200 | IceCv    | Reached skill level 19 in Stealth
 30259 | D:14     | Reached skill level 20 in Stealth
 31459 | D:12     | Noticed Rupert
 31463 | D:12     | Killed Rupert
 31464 | D:12     | Reached skill level 10 in Evocations
 31641 | D:15     | Entered Level 15 of the Dungeon
 31690 | D:15     | Noticed Louise
 31694 | D:15     | Killed Louise
 31717 | D:15     | Reached XP level 17. HP: 95/106 MP: 17/17
 31935 | D:15     | Received a gift from Trog
 32463 | D:15     | Found a shadowy altar of Dithmenos.
 32523 | D:15     | Found a staircase to the Depths.
 32787 | Spider:1 | Entered Level 1 of the Spider Nest
 36902 | Spider:2 | Received a gift from Trog
 37777 | Spider:3 | Reached XP level 18. HP: 91/112 MP: 18/18
 38394 | Spider:3 | Noticed Mara
 38395 | Spider:3 | Noticed freelancePsychic's illusion
 38422 | Spider:3 | Killed Mara
 38423 | Spider:3 | Reached skill level 15 in Evocations
 38701 | Spider:3 | Noticed Arachne
 38921 | Spider:3 | Killed Arachne
 39831 | Spider:4 | Entered Level 4 of the Spider Nest
 39862 | Spider:3 | Reached skill level 10 in Armour
 40610 | Spider:3 | Received a gift from Trog
 42775 | Spider:4 | Received a gift from Trog
 43261 | Spider:4 | Reached XP level 19. HP: 118/118 MP: 19/19
 43523 | Spider:4 | Got a gossamer rune of Zot
 44103 | Spider:4 | Reached skill level 15 in Dodging
 44239 | Spider:4 | Identified the +11 quarterstaff of Karma {freeze, rC+
                  | Int+4}
 44243 | Spider:4 | Identified the +5 ring mail "Kyischiph" {Rampage Int+2
                  | Stlth+}
 44712 | Swamp:1  | Entered Level 1 of the Swamp
 45320 | Swamp:1  | You are sucked into a shaft and drop 1 floor!
 45940 | Lair:1   | Identified the amulet "Sousagg" {Faith Harm Will+}
 46835 | Swamp:2  | Received a gift from Trog
 47209 | Swamp:2  | Acquired the ring "Xafreh" {Drain Fly rPois Will+++ Slay+3}
 48476 | Swamp:4  | Entered Level 4 of the Swamp
 48540 | Swamp:3  | Reached XP level 20. HP: 117/126 MP: 20/20
 49983 | Swamp:4  | Noticed Nikola
 50002 | Swamp:4  | Killed Nikola
 50480 | Swamp:4  | Reached skill level 21 in Stealth
 50655 | Swamp:4  | Got a decaying rune of Zot
 51124 | Elf:1    | Entered Level 1 of the Elven Halls
 51425 | Elf:1    | You are sucked into a shaft and drop 1 floor!
 51444 | Elf:2    | Found a huge runed translucent gate.
 51445 | Elf:2    | Found a huge runed translucent gate.
 51446 | Elf:2    | Found a huge runed translucent gate.
 51447 | Elf:2    | Found a huge runed translucent gate.
 51483 | Elf:2    | Found Plog's Book Boutique.
 51507 | Elf:2    | Found Fimum's Jewellery Shoppe.
 51535 | Elf:2    | Identified the +6 rapier of Skepticism {vorpal, Drain rElec
                  | rCorr Dex+4} (Trog gifted it to you on level 2 of the Elven
                  | Halls)
 51535 | Elf:2    | Received a gift from Trog
 51540 | Elf:2    | Found Kuxtek's Distillery.
 51557 | Elf:2    | Bought a potion of heal wounds for 80 gold pieces
 51557 | Elf:2    | Bought a potion of haste for 160 gold pieces
 52445 | Elf:1    | Found a transporter.
 52445 | Elf:1    | Noticed Pinoaq's ghost (adept GrEE)
 52470 | Elf:1    | Found a transporter.
 53269 | Elf:1    | Noticed a Tzitzimitl
 53279 | Elf:1    | Found a runed translucent gate.
 53279 | Elf:1    | Found a runed translucent gate.
 53279 | Elf:1    | Found a runed translucent gate.
 53279 | Elf:1    | Found a runed translucent gate.
 53282 | Elf:1    | Received a gift from Trog
 53283 | Elf:1    | Found a runed translucent gate.
 53287 | Elf:1    | Found a runed translucent gate.
 53899 | Elf:2    | Found a portal to a secret trove of treasure.
 53962 | Elf:2    | Found Niong's Armour Emporium.
 54064 | Elf:2    | Reached XP level 21. HP: 133/133 MP: 21/21
 54110 | Elf:2    | Reached skill level 15 in Fighting
 54168 | Elf:2    | Found Ekhlaj's Antique Weapon Shop.
 55462 | Elf:3    | Entered Level 3 of the Elven Halls
 56080 | Elf:3    | Received a gift from Trog
 56081 | Elf:3    | Reached skill level 22 in Stealth
 57253 | Vaults:1 | Entered Level 1 of the Vaults
 57303 | Vaults:1 | Found Bompiute's Weapon Boutique.
 58845 | Vaults:1 | Reached XP level 22. HP: 137/142 MP: 22/22
 59061 | Vaults:1 | Found Mureun's Antique Weapon Emporium.
 59341 | Vaults:1 | Received a gift from Trog
 60348 | Vaults:2 | Gained mutation: Your spells are a little harder to cast,
                  | but a little more powerful. [a shining eye]
 61263 | Vaults:2 | Found Nas Dys's Weapon Shoppe.
 61381 | Vaults:2 | Noticed Asterion
 61403 | Vaults:2 | Slain by a balrug

Illustrated notes

Levels and vault maps discovered:
D:1:      dpeg_arrival_subterranean_lakeside_camping, layout_basic,
          serial_shops, shop, shapermc_ecumenical_altar_notcrosses
D:2:      layout_rooms, chequers_serial_rivers_large_a, corexii_shack,
          uniq_crazy_yiuf_cottage
D:3:      layout_loops_ring, uniq_natasha
D:4:      layout_loops_ring, kennysheep_little_box, gammafunk_ghost_stat_death,
          uniq_menkaure
D:5:      layout_cave_pools, vehumet_statue, uniq_blork_the_orc
D:6:      layout_basic, tgw_xom, minmay_temple_entry_statues, uniq_edmund,
          uniq_grinder
D:7:      layout_basic, lemuel_crystal_altar, chequers_serial_rivers_micro_c,
          minmay_misc_feat_more_columns, dk_rats_in_the_wall,
          uniq_prince_ribbit1
D:8:      layout_basic, gammafunk_ghost_arena
D:9:      layout_long_grid, kennysheep_mini_moat,
          nicolae_overflow_crystal_walls, gammafunk_ghost_arena,
          minmay_joined_circles
D:10:     minmay_the_grid_octo_triangle [minmay_the_grid_octo_clover_2,
          minmay_the_grid_octo_prize_single_spiral, minmay_the_grid_octo_horde],
          layout_basic, corexii_corridor_pit
D:11:     layout_cave_pods, lair_entry_dummy, david_orc_5
D:12:     layout_roguey, uniq_rupert
D:13:     layout_loops_ring, kennysheep_minor_cross, minmay_strange_pillars,
          minmay_misc_feat_pillars
D:14:     layout_loops_ring, erik_vaults_2, portal_ice_cave_entry_pillars_1,
          serial_undead, serial_undead_f, serial_undead_a, serial_undead_d,
          serial_undead_a
D:15:     hangedman_depths_entry_try_elsewhere_first, layout_basic, special_room
          [special_room_mythical_zoo], nicolae_dithmenos_through_a_glass_darkly,
          uniq_louise
Lair:1:   minmay_lair_venomous_thicket, layout_chaotic_city,
          nicolae_quartered_pool_super, minmay_lair_oklob_chamber
Lair:2:   layout_cave_pods, st_stairs_8, serial_bayou_lake_a
Lair:3:   layout_cave_pods, minmay_swamp_entry_worms,
          nicolae_spider_entry_non_spiders
Lair:4:   layout_gridlike, st_stairs_6
Lair:5:   layout_cave_pods, slime_altar_1, uniq_snorg
Lair:6:   evil_forest, layout_concentric_octagons
Swamp:1:  layout_basic_swamp, evilmike_swamp_ruin_house_1, swamp_pool2
Swamp:2:  layout_falls_marsh, serial_swamp_ruin, evilmike_swamp_ruin_rubble_1,
          evilmike_swamp_ruin_rubble_2, evilmike_swamp_ruin_house_5
Swamp:3:  layout_basic_swamp, evilmike_swamp_ruin_house_2
Swamp:4:  swamp_basic_johnstein, layout_basic_swamp, uniq_nikola
Spider:1: layout_spider_delve, nicolae_spider_bzzzt,
          hangedman_spider_tarantella_strand
Spider:2: layout_spider_delve, nicolae_spider_swamp_cousins
Spider:3: layout_spider_delve, nicolae_spider_some_kinda_spiderbox,
          uniq_arachne, uniq_mara
Spider:4: johnstein_spider_rune_arachne_lair, nicolae_spider_scorpion_nest
Orc:1:    minmay_goldmine, layout_caves, mines1_david
Orc:2:    st_orc_ogre_mass, layout_caves, uniq_jorgrun
Elf:1:    layout_gridlike, gammafunk_ghost_arena, orc_legates,
          serial_sigils_hangedman_quiver
Elf:2:    layout_onion_city, serial_shops, nicolae_shop_waterfront,
          nicolae_shop_stone, nicolae_shop_temple_entry_statues_fountains, shop,
          shop, enter_trove_3
Elf:3:    elf_hall_gauntlet_narrow, layout_loops_cross, grunt_ministairs_10,
          minmay_misc_feat_alley, minivault_14
Vaults:1: v_alt_pattern_3, vaults_dpeg_encased_lava, hangedman_vaults_cutoff,
          v_pattern_4, v_misc_5, vaults_room_boxed, vaults_room_pools,
          nicolae_vaults_circle_grid_a, vaults_mumra_chevron,
          ontoclasm_vaults_pinch, nicolae_vaults_specimen_jars, v_misc_16,
          vaults_room_fours, nicolae_vaults_network_star,
          nicolae_vaults_gold_heap, layout_vaults_big_cross, serial_shops,
          nicolae_shop_stone, shop
Vaults:2: minmay_crypt_entry_simple_round, st_diamondy,
          ontoclasm_vaults_ligature, vaults_mumra_lcd,
          nicolae_vaults_mini_display_case, nicolae_vaults_alarming,
          ontoclasm_vaults_twist, vaults_room_ringed_pool,
          hangedman_vaults_locks, hangedman_vaults_trim,
          hangedman_vaults_corner_blocks, nicolae_vaults_yaktaur_gun_rack,
          grunt_vaults_hallway_long, layout_vaults_ring, serial_shops, shop,
          uniq_asterion

Skill      XL: |  1  2  3  4  5  6  7  8  9 10 11 12 13 14 15 16 17 18 19 20 21 22 |
---------------+-------------------------------------------------------------------+-----
Stealth        | 1 3 4 5 7 8 9 17 20 21 22 | 22.5
Fighting       | 4 5 6 8 9 11 12 13 14 16 | 16.9
Short Blades   | 5 6 7 8 |  8.0
Dodging        | 3 5 6 8 9 11 12 13 14 16 18 19 | 19.6
Shields        | 1 3 4 5 6 7 8 |  8.8
Long Blades    | 3 5 9 11 13 | 13.6
Armour         | 2 3 5 6 8 10 11 | 11.0
Evocations     | 6 8 10 14 15 | 15.9

Action                   |  1- 3 |  4- 6 |  7- 9 | 10-12 | 13-15 | 16-18 | 19-21 | 22-24 || total
-------------------------+-------+-------+-------+-------+-------+-------+-------+-------++-------
Melee: Short sword       |    68 |       |       |       |    37 |   594 |   263 |       ||   962
       Dagger            |    40 |   144 |   553 |   452 |    68 |       |       |       ||  1257
       Unarmed           |     1 |       |       |       |       |       |       |       ||     1
       Demon blade       |       |       |       |   297 |   804 |  1027 |   673 |   215 ||  3016
       Scimitar          |       |       |       |     5 |    44 |    30 |   104 |       ||   183
       Quick blade       |       |       |       |       |       |       |   170 |    79 ||   249
Throw: Dart              |       |       |       |       |    16 |    97 |    65 |       ||   178
       Throwing net      |       |       |       |       |       |     1 |       |       ||     1
Invok: Berserk           |     3 |     6 |    13 |    23 |    21 |    42 |    23 |     6 ||   137
       Trog's Hand       |       |       |     1 |     4 |     8 |     2 |     4 |     2 ||    21
       Brothers in Arms  |       |       |       |     2 |     7 |    10 |    15 |    13 ||    47
Evoke: Wand              |       |       |       |     3 |     6 |    22 |    18 |       ||    49
       Box of beasts     |       |       |       |       |     2 |     4 |     1 |       ||     7
       Lightning rod     |       |       |       |       |       |     8 |     4 |       ||    12
  Use: Scroll            |     3 |     2 |    11 |     9 |    10 |    12 |    14 |       ||    61
       Potion            |       |       |       |     3 |     8 |     7 |     6 |     1 ||    25
 Stab: Sleeping          |    19 |     9 |    17 |    25 |    56 |    55 |   124 |    11 ||   316
       Distracted        |       |     1 |     2 |     3 |     3 |     8 |     8 |     3 ||    28
       Invisible         |       |       |       |       |     7 |       |       |       ||     7
Armor: Animal skin       |    10 |       |       |       |       |       |       |       ||    10
       Shadow dragon sca |    13 |    55 |   238 |   225 |   215 |   749 |   396 |    99 ||  1990
       Fire dragon scale |       |       |       |       |       |       |     9 |       ||     9
Dodge: Dodged            |    36 |    26 |   226 |   303 |   331 |  1026 |   690 |   151 ||  2789
Block: Buckler           |     7 |    19 |   133 |   203 |       |       |       |       ||   362
       Kite shield       |       |       |       |    74 |   557 |  1459 |   742 |   136 ||  2968
       Reflection        |       |       |       |     1 |     1 |     3 |     3 |       ||     8
       Rpst.: Demon blade |       |       |       |    49 |    75 |   118 |    61 |    25 ||   328
       Scimitar          |       |       |       |       |     5 |     8 |    12 |       ||    25

Table legend: (Time is in decaauts)
 A = Elapsed time spent in this place.
 B = Non-inter-level travel time spent in this place.
 C = Inter-level travel time spent in this place.
 D = Time resting spent in this place.
 E = Time spent auto-exploring this place.
 F = Levels seen in this place.
 G = Mean time per level.
                   A        B        C        D        E       F      G
               +--------+--------+--------+--------+--------+-----+--------+
         Total |  60998 |  58350 |   2648 |  18109 |  27468 |  37 | 1648.6 |
       Dungeon |  20258 |  19034 |   1224 |   4085 |  11461 |  15 | 1350.5 |
          Lair |  11228 |  10561 |    667 |   3397 |   5407 |   6 | 1871.3 |
         Swamp |   5892 |   5679 |    213 |   1943 |   2278 |   4 | 1473.0 |
   Spider Nest |  11579 |  11305 |    274 |   5654 |   3479 |   4 | 2894.8 |
  Orcish Mines |   2248 |   2138 |    110 |     87 |   1372 |   2 | 1124.0 |
   Elven Halls |   5856 |   5739 |    117 |   2176 |   1744 |   3 | 1952.0 |
        Vaults |   3192 |   3153 |     39 |    633 |   1374 |   2 | 1596.0 |
      Ice Cave |    741 |    741 |      0 |    130 |    353 |   1 |  741.0 |
               +--------+--------+--------+--------+--------+-----+--------+

Top non-repeatable levels by time:
Spider:3: 4953 daAuts
Spider:1: 2650 daAuts
   Elf:1: 2414 daAuts
  Lair:1: 2408 daAuts
   Elf:2: 2149 daAuts
    D:14: 2130 daAuts
    D:10: 2113 daAuts
Spider:4: 2106 daAuts
  Lair:6: 2100 daAuts
  Lair:3: 2081 daAuts
     D:9: 1951 daAuts
Spider:2: 1868 daAuts
Vaults:1: 1806 daAuts
 Swamp:4: 1754 daAuts
  Lair:4: 1714 daAuts
